 Dungeon Crawl Stone Soup version 0.26.0-11-g8f856b5395 (webtiles) character file.

Game seed: 8485907380051524017

336 Destapler the Ducker (level 6, -3/51 HPs)
             Began as a Gnoll Gladiator on Jan 16, 2021.
             Slain by a gnoll (4 damage)
             ... on level 4 of the Dungeon.
             The game lasted 00:07:38 (2941 turns).

Destapler the Ducker (Gnoll Gladiator)              Turns: 2941, Time: 00:07:41

Health: -3/51      AC:  8    Str: 16 (17) XL:     6   Next: 54%
Magic:  9/9        EV: 15    Int:  9 (11) God:
Gold:   222        SH:  0    Dex: 20 (23) Spells: 9/9 levels left

rFire    . . .     SeeInvis .   b - +4 hand axe
rCold    . . .     Faith    .   (no shield)
rNeg     . . .     Spirit   .   w - +0 ring mail
rPois    .         Reflect  .   c - +0 helmet
rElec    .         Harm     .   H - +0 cloak
rCorr    .         Rampage  .   (no gloves)
Will     +....                  E - +0 pair of boots
Stlth    ++........             (no amulet)
HPRegen  0.17/turn              u - +6 ring of dexterity
MPRegen  0.11/turn              B - ring of willpower

@: mighty, lethally poisoned (-3 -> -6), flying
A: distributed training, fangs 1, strong nose
a: no special abilities


You were on level 4 of the Dungeon.
You visited 1 branch of the dungeon, and saw 4 of its levels.

You collected 222 gold pieces.

Inventory:

Hand Weapons
 a - a +0 trident
 b - a +4 hand axe (weapon)
Missiles
 d - 2 throwing nets (quivered)
 i - 10 boomerangs
 y - 8 poisoned darts
Armour
 c - a +0 helmet (worn)
 q - a +0 tower shield
 w - a +0 ring mail (worn)
 A - a +0 robe of willpower
 E - a +0 pair of boots (worn)
 H - a +0 cloak (worn)
Jewellery
 u - a +6 ring of dexterity (left hand)
 x - a +6 ring of intelligence
 B - a ring of willpower (right hand)
 D - an uncursed ring of magical power
Wands
 v - a wand of random effects (3)
Scrolls
 e - 3 scrolls of fear {unknown}
 g - a scroll of teleportation {unknown}
 h - a scroll of magic mapping {unknown}
 j - 4 scrolls of remove curse {unknown}
 n - 4 scrolls of identify {unknown}
 o - 2 scrolls of noise {unknown}
 p - a scroll of amnesia {unknown}
 r - 2 scrolls of enchant armour {unknown}
 s - a scroll of random uselessness {unknown}
Potions
 k - a potion of degeneration
 l - a potion of invisibility {unknown}
 m - a potion of curing
 t - a potion of might
 z - a potion of mutation {unknown}
 C - a potion of ambrosia {unknown}
 F - 2 potions of cancellation {unknown}
 G - a potion of attraction {unknown}


   Skills:
 + Level 5.0 Fighting
 + Level 2.0 Short Blades
 + Level 2.0 Long Blades
 + Level 2.0 Axes
 + Level 2.0 Maces & Flails
 + Level 6.8 Polearms
 + Level 2.0 Staves
 + Level 2.0 Slings
 + Level 2.0 Bows
 + Level 2.0 Crossbows
 + Level 5.0 Throwing
 + Level 2.0 Armour
 + Level 6.8 Dodging
 + Level 2.0 Stealth
 + Level 2.0 Shields
 + Level 2.0 Unarmed Combat
 + Level 2.0 Spellcasting
 + Level 1.6 Conjurations
 + Level 1.6 Hexes
 + Level 1.6 Summonings
 + Level 1.6 Necromancy
 + Level 1.6 Translocations
 + Level 1.6 Transmutations
 + Level 1.6 Fire Magic
 + Level 1.6 Ice Magic
 + Level 1.6 Air Magic
 + Level 1.6 Earth Magic
 + Level 1.6 Poison Magic
 + Level 2.2 Invocations
 + Level 2.0 Evocations


You had 9 spell levels left.
You didn't know any spells.
Your spell library was empty.

Dungeon Overview and Level Annotations

Branches:
Dungeon (4/15)
 Temple: D:4-7

Altars:
Gozag
Uskayaw
Vehumet

Shops:
D:4 (


Innate Abilities, Weirdness & Mutations

Your experience applies equally to all skills.
You have very sharp teeth.
Your uncanny sense of smell can sniff out nearby items.


Message History

* * * LOW HITPOINT WARNING * * *
You are too injured to fight recklessly!
It was a potion of might.
You feel very mighty all of a sudden. The adder closely misses you.
The orc wizard hits you with a +2 dagger of electrocution.
* * * LOW HITPOINT WARNING * * *
The gnoll barely misses you. The adder bites you.
* * * LOW HITPOINT WARNING * * *
You are lethally poisoned!
The adder poisons you!
Unknown command.
Okay, then.
You slash the orc wizard!
You kill the orc wizard!
You slash the gnoll! You slash the adder!
You kill the adder!
* * * LOW HITPOINT WARNING * * *
You feel sick. The gnoll hits you.
You die...

#####'####+###.).
#.......# #...
#.......# #...
####....(..# #...
#..........# ####
#(..#####..# #
#...# #.# # #.g.#
..# # #.)@# #.#
#..(....... .
#...######.
.(.... .(.#.#.#
...(.#.#(# ∆
####(#.#.. .. ##


You could see a gnoll.

Vanquished Creatures
  A bullfrog zombie (D:4)
  Crazy Yiuf (D:3)
  Ijyb (D:3)
  2 orc wizards (D:4)
  2 worker ants (D:4)
  4 gnolls (D:3)
  6 adders
  An ooze (D:1)
  An adder skeleton (D:4)
  2 worms
  2 leopard geckos (D:1)
  12 orcs
  A ball python (D:1)
  4 giant cockroaches
  A goblin (D:1)
  10 hobgoblins
  10 jackals
  8 kobolds
  A quokka (D:3)
  4 bats
  2 frilled lizards (D:1)
  2 rats (D:1)
78 creatures vanquished.

Vanquished Creatures (others)
  3 fungi (D:3)
3 creatures vanquished.

Grand Total: 81 creatures vanquished

Notes
Turn   | Place    | Note
-------+----------+-------------------------------------------
     0 | D:1      | Destapler the Gnoll Gladiator began the quest for the Orb.
     0 | D:1      | Reached XP level 1. HP: 20/20 MP: 1/1
     3 | D:1      | You fall into a shaft and drop 1 floor!
   264 | D:2      | Reached XP level 2. HP: 23/26 MP: 2/2
   654 | D:1      | Reached XP level 3. HP: 31/31 MP: 3/3
   766 | D:1      | Reached skill level 1 in Invocations
  1360 | D:2      | Found an opulent altar of Gozag.
  1429 | D:3      | Reached skill level 1 in Short Blades
  1429 | D:3      | Reached skill level 1 in Long Blades
  1429 | D:3      | Reached skill level 1 in Axes
  1429 | D:3      | Reached skill level 1 in Maces & Flails
  1429 | D:3      | Reached skill level 1 in Staves
  1429 | D:3      | Reached skill level 1 in Slings
  1429 | D:3      | Reached skill level 1 in Bows
  1429 | D:3      | Reached skill level 1 in Crossbows
  1429 | D:3      | Reached skill level 1 in Armour
  1429 | D:3      | Reached skill level 1 in Stealth
  1429 | D:3      | Reached skill level 1 in Shields
  1429 | D:3      | Reached skill level 1 in Unarmed Combat
  1429 | D:3      | Reached skill level 1 in Spellcasting
  1429 | D:3      | Reached skill level 1 in Evocations
  1465 | D:3      | Noticed Ijyb
  1476 | D:3      | Killed Ijyb
  1477 | D:3      | Reached XP level 4. HP: 35/38 MP: 5/5
  1572 | D:3      | Reached skill level 1 in Conjurations
  1572 | D:3      | Reached skill level 1 in Hexes
  1572 | D:3      | Reached skill level 1 in Summonings
  1572 | D:3      | Reached skill level 1 in Necromancy
  1572 | D:3      | Reached skill level 1 in Translocations
  1572 | D:3      | Reached skill level 1 in Transmutations
  1572 | D:3      | Reached skill level 1 in Fire Magic
  1572 | D:3      | Reached skill level 1 in Ice Magic
  1572 | D:3      | Reached skill level 1 in Air Magic
  1572 | D:3      | Reached skill level 1 in Earth Magic
  1572 | D:3      | Reached skill level 1 in Poison Magic
  1887 | D:3      | Reached XP level 5. HP: 28/43 MP: 6/6
  2002 | D:3      | Found a radiant altar of Vehumet.
  2173 | D:3      | Found a hide-covered altar of Uskayaw.
  2417 | D:3      | Found a runed translucent door.
  2418 | D:3      | Noticed Crazy Yiuf
  2425 | D:3      | Killed Crazy Yiuf
  2537 | D:4      | Reached XP level 6. HP: 49/50 MP: 8/8
  2706 | D:4      | Reached skill level 5 in Fighting
  2706 | D:4      | Reached skill level 5 in Throwing
  2863 | D:4      | Found Gaikky's Weapon Emporium.
  2940 | D:4      | HP: 1/51 [adder (3)]
  2941 | D:4      | Slain by a gnoll

Illustrated notes

Levels and vault maps discovered:
D:1:      matt_arrival_los_fun, layout_basic
D:2:      layout_basic, general_overflow_altar
D:3:      layout_loops_cross, lemuel_doored_altar,
          eat_drink_and_be_merry_uskayaw, minmay_misc_feat_ornament,
          st_stairs_6, roderic_malta_cross, uniq_ijyb, uniq_crazy_yiuf_cottage
D:4:      layout_basic, serial_shops, shop, minmay_distorted

Skill      XL: |  1  2  3  4  5  6 |
---------------+-------------------+-----
Invocations    | 1 2 |  2.2
Short Blades   | 1 2 |  2.0
Long Blades    | 1 2 |  2.0
Axes           | 1 2 |  2.0
Maces & Flails | 1 2 |  2.0
Staves         | 1 2 |  2.0
Slings         | 1 2 |  2.0
Bows           | 1 2 |  2.0
Crossbows      | 1 2 |  2.0
Armour         | 1 2 |  2.0
Stealth        | 1 2 |  2.0
Shields        | 1 2 |  2.0
Unarmed Combat | 1 2 |  2.0
Spellcasting   | 1 2 |  2.0
Evocations     | 1 2 |  2.0
Conjurations   | 1 |  1.6
Hexes          | 1 |  1.6
Summonings     | 1 |  1.6
Necromancy     | 1 |  1.6
Translocations | 1 |  1.6
Transmutations | 1 |  1.6
Fire Magic     | 1 |  1.6
Ice Magic      | 1 |  1.6
Air Magic      | 1 |  1.6
Earth Magic    | 1 |  1.6
Poison Magic   | 1 |  1.6
Fighting       | 5 |  5.0
Throwing       | 5 |  5.0
Polearms       | |  6.8
Dodging        | |  6.8

Action                   |  1- 3 |  4- 6 || total
-------------------------+-------+-------++-------
Melee: Trident           |    99 |    29 ||   128
       Bite              |     4 |    15 ||    19
       Hand axe          |       |    74 ||    74
       Punch             |       |     3 ||     3
Throw: Throwing net      |     1 |     2 ||     3
       Dart              |       |     8 ||     8
Evoke: Wand              |       |    10 ||    10
  Use: Potion            |       |     4 ||     4
 Stab: Sleeping          |     3 |     2 ||     5
       Held in net/web   |     2 |       ||     2
Armor: Leather armour    |    30 |     5 ||    35
       Ring mail         |       |    21 ||    21
Dodge: Dodged            |   101 |   117 ||   218
